 Dungeon Crawl Stone Soup version 0.29.1-15-g9cfb28693d (webtiles) character file.

Game seed: 13061668220909923521

5025 hawla the Thaumaturge (level 11, 0/82 HPs)
             Began as a Meteoran Fire Elementalist on Mar 9, 2023.
             Was a Follower of Vehumet.
             Slain by a yak (1 damage)
             ... on level 3 of the Lair of Beasts.
             The game lasted 00:16:25 (3361 turns).

hawla the Thaumaturge (Meteoran Fire Elementalist)  Turns: 3361, Time: 00:16:27

Health: 0/82       AC:  3    Str: 12    XL:     11   Next: 10%
Magic:  13/27      EV: 14    Int: 20    God:    Vehumet [*.....]
Gold:   394        SH:  0    Dex: 14    Spells: 25/32 levels left

rFire   . . .      SeeInvis .   l - +0 lajatang
rCold   . . .      Faith    .   (shield currently unavailable)
rNeg    . . .      Spirit   .   a - +0 robe
rPois   .          Reflect  .   (no helmet)
rElec   .          Harm     .   (no cloak)
rCorr   .          Rampage  .   k - +0 pair of gloves
Will    +....                   (no boots)
Stlth   +.........              (no amulet)
HPRegen 0.23/turn               (no ring)
MPRegen 0.20/turn               (no ring)

@: about to teleport, glowing
A: sense surroundings 2, otherworldly, glowing, explore regen
a: Renounce Religion


You were on level 3 of the Lair of Beasts.
You worshipped Vehumet.
Vehumet was aware of your devotion.
You visited 3 branches of the dungeon, and saw 12 of its levels.

You collected 394 gold pieces.

Inventory:

Hand Weapons
 d - a +3 whip of holy wrath
 l - a +0 lajatang (weapon)
Armour
 a - a +0 robe (worn)
 k - a +0 pair of gloves (worn)
Jewellery
 h - a +6 ring of strength
Wands
 n - a wand of flame (24)
 q - a wand of iceblast (12)
 v - a wand of paralysis (3)
Scrolls
 c - 3 scrolls of teleportation
 g - a scroll of enchant weapon
 j - 3 scrolls of magic mapping
 m - 3 scrolls of fear
Potions
 b - a potion of brilliance
 i - a potion of flight
 o - a potion of might
 p - a potion of haste {unknown}
 s - 4 potions of curing {unknown}
 t - a potion of berserk rage {unknown}
 u - 2 potions of degeneration {unknown}
Miscellaneous
 f - a condenser vane


   Skills:
 + Level 3.2 Fighting
 + Level 1.4(2.7) Maces & Flails
 + Level 3.3(3.5) Staves
 + Level 5.3 Dodging
 - Level 1.4 Stealth
 + Level 11.3 Spellcasting
 + Level 7.4 Conjurations
 + Level 10.8 Fire Magic


You had 25 spell levels left.
You knew the following spells:

 Your Spells              Type           Power      Damage    Failure   Level
a - Foxfire               Conj/Fire      100%       2x1d9     1%          1
b - Scorch                Fire           100%       2d10      1%          2
c - Flame Wave            Conj/Fire      47%        2d12      1%          4

Your spell library contained the following spells:

 Spells                   Type           Power      Damage    Failure   Level
 Shock                    Conj/Air       100%       1d9       1%          1
 Conjure Flame            Conj/Fire      47%        6-21      1%          3
 Inner Flame              Hex/Fire       33%        N/A       1%          3
 Sublimation of Blood     Necr           11%        N/A       9%          2
 Wereblood                Tmut           11%        N/A       9%          2
 Gell's Gravitas          Tloc           11%        N/A       19%         3
 Lesser Beckoning         Tloc           11%        N/A       19%         3
 Teleport Other           Tloc           11%        N/A       19%         3
 Summon Hydra             Summ           5%         N/A       100%        7


Dungeon Overview and Level Annotations

Branches:
Dungeon (8/15) Zot: 2334   Temple (1/1) D:6 Zot: 403    Lair (3/5) D:8 Zot: 1094
  Swamp (0/4) Lair:3
  Snake: Lair:2-3    Spider: Lair:2-3

Altars:
Ashenzari
Cheibriados
Dithmenos
Elyvilon
Fedhas
Hepliaklqana
Kikubaaqudgha
Makhleb
Okawaru
Qazlal
Ru
Sif Muna
Vehumet
Wu Jian
Xom
Zin

Shops:
D:8 (


Innate Abilities, Weirdness & Mutations

You passively map the area around you.
You are easily found by Zot.
You glow in the dark.
You regain HP and MP as you explore.


Message History

You kill the yak!
Vehumet accepts your kill.
The flame wave engulfs the yak!
The yak is heavily wounded.
The flame wave engulfs the yak!!
You kill the yak!
Vehumet accepts your kill.
The flame wave engulfs the iguana.
You kill the iguana!
Vehumet accepts your kill.
The flame wave engulfs the water moccasin!
The water moccasin is heavily wounded.
You hear a croak.
The yak gores you!
A yak comes into view.
A wave of flame ripples out!
The flame wave engulfs the yak!
The yak is severely wounded.
The flame wave engulfs the water moccasin!
The water moccasin is almost dead.
The flame wave engulfs the yak!
The yak is moderately wounded.
The flame wave engulfs the iguana!
The iguana is heavily wounded.
You finish channelling waves of flame.
The yak bellows!
The yak barely misses you.
Unknown command.
As you read the scroll of teleportation, it crumbles to dust.
You feel strangely unstable.
A nearby fungus withers and dies.
The water moccasin bites you.
The water moccasin bites you but does no damage.
The yak gores you. The yak misses you. The yak attacks as you move away!
The yak closely misses you. The yak gores you!
* * * LOW HITPOINT WARNING * * *
The water moccasin attacks as you move away!
The water moccasin bites you!
* * * LOW HITPOINT WARNING * * *
The yak attacks as you move away! The yak gores you.
You die...

** * , #..., , #.....~#.
, * #. ,#....,,
#......~#* * ,, , ...
##... ##.......~ * ,, ,
...##...####....~~~≈~~~
, ,
............<...~~≈~≈~ ~
, .......Y........~≈~~~~
~ ,
,................~~≈.. ~
......FYY......~~≈≈~> *
* .....†lS@.......~≈≈~.
,
**......#Y###P.#..~≈≈≈~~
* , .....
###*##.#..~~≈~≈ ~~ , **
...Y , .....~~~~ ~, ,,
... ,,, P...... * .. ,,
, .#..., , * ,, * ,. , ,
..., * * , , , , ** , ,
* , , * , , * , ,


You could see 4 yaks, a cane toad, a water moccasin and an iguana.

Vanquished Creatures
  Joseph (D:8)
  3 komodo dragons
  2 hornets
  A shadow (D:5)
  4 yaks (Lair:3)
  A basilisk (Lair:2)
  A steam dragon (Lair:2)
  A water moccasin (Lair:2)
  2 black bears
  An ice beast (D:8)
  3 wolves (Lair:1)
  2 ogres (D:5)
  A centaur (D:6)
  4 bullfrogs
  A necrophage (D:5)
  2 scorpions (D:5)
  3 howler monkeys (D:8)
  A jelly (D:8)
  5 hounds
  6 orc priests
  4 iguanas
  6 orc wizards
  2 gnoll zombies (D:4)
  3 adders
  An ufetubus (D:5)
  A worm (D:2)
  2 dart slugs
  26 orcs
  4 ball pythons
  7 endoplasms
  A giant cockroach (D:3)
  2 goblins
  2 hobgoblins
  3 jackals (D:4)
  4 quokkas
  A bat (D:3)
  3 kobolds
  3 rats (D:2)
120 creatures vanquished.

Vanquished Creatures (collateral kills)
  A cane toad (Lair:2)
  A water moccasin (Lair:2)
2 creatures vanquished.

Vanquished Creatures (others)
  156 foxfires
  3 fungi
  19 plants
178 creatures vanquished.

Grand Total: 300 creatures vanquished

Notes
Turn   | Place    | Note
-------+----------+-------------------------------------------
     0 | D:1      | hawla the Meteoran Fire Elementalist began the quest for
                  | the Orb.
     0 | D:1      | Reached XP level 1. HP: 14/14 MP: 5/5
    54 | D:2      | Reached XP level 2. HP: 20/20 MP: 3/6
    59 | D:2      | Learned a level 2 spell: Scorch
    70 | D:2      | Reached skill level 3 in Spellcasting
   163 | D:3      | Reached XP level 3. HP: 11/26 MP: 4/8
   163 | D:3      | Found a shimmering altar of Xom.
   167 | D:3      | Found a snail-covered altar of Cheibriados.
   257 | D:4      | Reached XP level 4. HP: 15/33 MP: 1/10
   266 | D:4      | Found a transporter.
   335 | D:4      | Reached XP level 5. HP: 14/39 MP: 2/11
   336 | D:4      | Reached skill level 4 in Spellcasting
   434 | D:4      | Found a transporter.
   503 | D:4      | Reached skill level 5 in Fire Magic
   523 | D:4      | Learned a level 4 spell: Flame Wave
   583 | D:4      | Found a glowing silver altar of Zin.
   751 | D:4      | Reached XP level 6. HP: 23/46 MP: 0/13
   818 | D:4      | Found a hazy altar of Hepliaklqana.
   840 | D:5      | Entered Level 5 of the Dungeon
   906 | D:5      | Noticed an ogre
   918 | D:5      | Killed an ogre
   935 | D:5      | Noticed an ogre
   944 | D:5      | Killed an ogre
   945 | D:5      | Reached skill level 5 in Conjurations
   945 | D:5      | Reached skill level 1 in Maces & Flails
   945 | D:5      | Reached XP level 7. HP: 42/51 MP: 0/14
  1025 | D:5      | Reached skill level 1 in Fighting
  1046 | D:5      | Reached skill level 5 in Spellcasting
  1296 | D:5      | Noticed a shadow
  1317 | D:5      | Reached XP level 8. HP: 35/59 MP: 4/17
  1424 | D:5      | Reached skill level 6 in Spellcasting
  1432 | D:5      | Noticed a hornet
  1434 | D:5      | Killed a hornet
  1472 | D:5      | Killed a shadow
  1473 | D:5      | Reached skill level 7 in Spellcasting
  1481 | D:5      | Gained mutation: You passively map the area around you.
                  | [Meteoran growth]
  1481 | D:5      | Reached XP level 9. HP: 50/66 MP: 7/21
  1571 | D:6      | Found a staircase to the Ecumenical Temple.
  1606 | Temple   | Entered the Ecumenical Temple
  1774 | Temple   | Became a worshipper of Vehumet
  1824 | D:7      | Reached skill level 1 in Staves
  1943 | D:8      | Reached skill level 8 in Spellcasting
  1949 | D:8      | Noticed Joseph
  1957 | D:8      | Paralysed by Joseph for 3 turns
  1962 | D:8      | Killed Joseph
  1969 | D:8      | Reached skill level 9 in Spellcasting
  2127 | D:8      | Found Moisob's Antique Weapon Emporium.
  2210 | D:8      | Found an ornate altar of the Wu Jian Council.
  2280 | D:8      | Noticed a hornet
  2285 | D:8      | Killed a hornet
  2286 | D:8      | Reached XP level 10. HP: 55/73 MP: 17/24
  2306 | D:8      | Found a sacrificial altar of Ru.
  2530 | D:8      | Noticed a komodo dragon
  2532 | D:8      | Found a staircase to the Lair.
  2545 | D:8      | Killed a komodo dragon
  2658 | Lair:1   | Entered Level 1 of the Lair of Beasts
  2662 | Lair:1   | Reached skill level 10 in Spellcasting
  2664 | Lair:1   | Noticed a komodo dragon
  2674 | Lair:1   | Killed a komodo dragon
  2675 | Lair:1   | Reached skill level 5 in Dodging
  2692 | Lair:1   | Noticed a komodo dragon
  2700 | Lair:1   | Killed a komodo dragon
  2700 | Lair:1   | Reached * piety under Vehumet
  2700 | Lair:1   | Offered knowledge of Shock by Vehumet.
  2701 | Lair:1   | Reached skill level 10 in Fire Magic
  2736 | Lair:2   | Noticed a cane toad
  2742 | Lair:2   | Killed a cane toad
  3049 | Lair:2   | Reached skill level 11 in Spellcasting
  3353 | Lair:3   | Noticed a cane toad
  3355 | Lair:3   | Reached XP level 11. HP: 75/82 MP: 19/27
  3356 | Lair:3   | Noticed an eight-headed hydra
  3361 | Lair:3   | HP: 1/82 [water moccasin (8)]
  3361 | Lair:3   | Slain by a yak

Illustrated notes

Levels and vault maps discovered:
D:1:      dpeg_arrival_pits, layout_rooms
D:2:      layout_basic, minmay_misc_feat_plants
D:3:      due_chaos_kobolds, layout_loops_ring, grunt_temple_overflow_holy_war,
          mainiacjoe_overflow_brackets, jmf_multi_god_temple,
          minmay_shallow_snake_nest, uniq_terence, uniq_grinder, uniq_natasha
D:4:      gammafunk_cloud_chamber, layout_rooms, zin_statuary,
          nzn_hepliaklqana_mist_gate
D:5:      minmay_clustersquares, layout_basic
D:6:      layout_basic, general_overflow_altar, minmay_temple_entry_waves,
          hangedman_abyss_or_decor_stabs, dreamdust_princess_bridge
D:7:      layout_rooms, gammafunk_ghost_nasty_kobolds,
          minmay_misc_feat_diagonals, nicolae_figureground_pulse
D:8:      nicolae_cairo_tiling_very_big, layout_layer_cave,
          nicolae_ru_awakened_eye, nicolae_wu_jian_immortal_techniques,
          david_lair_shrubbed, serial_shops, nicolae_shop_hallway_stairs,
          uniq_joseph
Temple:   grunt_temple_mini_profane
Lair:1:   layout_chaotic_city, grunt_megastairs_2
Lair:2:   layout_roguey
Lair:3:   layout_regular_city, minmay_swamp_entry_reptiles,
          guppyfry_snake_entry_island, pond, infiniplex_staircase_pool_2,
          serial_bayou_shore_b, grunt_megastairs_4

Skill      XL: |  1  2  3  4  5  6  7  8  9 10 |
---------------+-------------------------------+-----
Fire Magic     | 4 5 7 8 10 | 10.8
Spellcasting   | 3 4 5 7 9 11 | 11.3
Conjurations   | 2 3 5 6 7 |  7.4
Dodging        | 3 4 5 |  5.3
Maces & Flails | 1 |  1.4
Fighting       | 1 3 |  3.2
Staves         | 1 3 |  3.3
Stealth        | |  1.4

Action                   |  1- 3 |  4- 6 |  7- 9 | 10-12 || total
-------------------------+-------+-------+-------+-------++-------
Melee: Whip              |     9 |    10 |     1 |       ||    20
       Lajatang          |       |       |    12 |    12 ||    24
 Cast: Foxfire           |    30 |    21 |    37 |    11 ||    99
       Scorch            |     5 |    24 |    34 |    18 ||    81
       Flame Wave        |       |       |     8 |     8 ||    16
  Use: Scroll            |     3 |     6 |       |     5 ||    14
       Potion            |     2 |     2 |       |     1 ||     5
Armor: Robe              |    13 |     1 |     8 |     6 ||    28
Dodge: Dodged            |    18 |    13 |    39 |    34 ||   104
